 Dungeon Crawl Stone Soup version 0.30.1-3-gfc49f6343a (webtiles) character file.

Game seed: 1524473445144306371

3956 monsoonserge the Thaumaturge (level 10, 0/61 HPs)
             Began as a Djinni Fire Elementalist on Aug 4, 2023.
             Was an Initiate of Ru.
             Killed by divine providence
             ... invoked by an orc priest
              (14 damage)
             ... on level 9 of the Dungeon.
             The game lasted 00:34:54 (8458 turns).

monsoonserge the Thaumaturge (DjFE)                 Turns: 8458, Time: 00:34:54

Health: 0/61       AC:  9    Str:  7    XL:     10   Next: 45%
Gold:   470        EV: 10    Int: 22    God:    Ru [......] SH:  0 Dex: 13

rFire   + + +        T - +4 trident (flame)
rCold   x . .        (no shield)
rNeg    . . .        f - +0 ring mail
rPois   ∞            G - +2 hat
rElec   .            e - +0 cloak
rCorr   .            (no gloves)
SInv    +            (boots unavailable)
Will    +....        a - amulet of regeneration
Stlth   +            d - ring of see invisible
HPRegen 1.10/turn    n - ring of protection from fire
MPRegen 0.00/turn

%: infuse magic (-1 HP)
@: flying
A: sickness immunity, fire resistance 2, cold vulnerability 1, float, innate
caster, HP casting, extra vitality 1
a: Renounce Religion, Sacrifice Resistance, Sacrifice Health, Sacrifice Skill,
Reject Sacrifices


You were on level 9 of the Dungeon.
You worshipped Ru.
Ru was noncommittal.
You visited 2 branches of the dungeon, and saw 10 of its levels.
You also visited: Ossuary.

You collected 470 gold pieces.

Inventory:

Hand Weapons
 q - a +2 dagger of freezing
 K - a +0 sling
 R - a +0 shortbow
 T - a +4 trident of flaming (weapon)
Missiles
 z - 18 poisoned darts (quivered)
 D - 5 javelins
 N - a throwing net
Armour
 e - a +0 cloak (worn)
 f - a +0 ring mail (worn)
 i - a +0 leather armour
 G - a +2 hat (worn)
Magical Staves
 g - a staff of conjuration
Jewellery
 a - an amulet of regeneration (around neck)
 d - a ring of see invisible (left hand)
 n - a ring of protection from fire (right hand)
Wands
 F - a wand of iceblast (7)
 Q - a wand of digging (2)
Scrolls
 b - 3 scrolls of amnesia {unknown}
 c - 3 scrolls of immolation {unknown}
 j - 2 scrolls of teleportation {unknown}
 l - 2 scrolls of enchant weapon {unknown}
 t - 2 scrolls of torment {unknown}
 v - a scroll of vulnerability {unknown}
 w - 7 scrolls of identify {unknown}
 y - 3 scrolls of magic mapping {unknown}
 C - 2 scrolls of blinking {unknown}
 E - 3 scrolls of fear {unknown}
 I - a scroll of enchant armour {unknown}
 J - a scroll of poison {unknown}
 M - a scroll of noise {unknown}
 S - a scroll of acquirement {unknown}
Potions
 h - 3 potions of berserk rage {unknown}
 k - 4 potions of degeneration {unknown}
 m - 2 potions of brilliance {unknown}
 o - 4 potions of flight {unknown}
 p - 2 potions of haste {unknown}
 r - 4 potions of curing
 s - 2 potions of resistance
 u - a potion of might {unknown}
 x - a potion of heal wounds {unknown}
 A - a potion of attraction {unknown}
 B - a potion of ambrosia {unknown}
 H - 2 potions of mutation {unknown}
 L - a potion of lignification {unknown}
 O - a potion of invisibility {unknown}
 P - a potion of cancellation {unknown}


   Skills:
 + Level 0.5 Fighting
 * Level 4.4 Armour
 - Level 3.0 Dodging
 - Level 2.0 Stealth
 * Level 10.7 Spellcasting


You knew the following spells:

 Your Spells              Type           Power      Damage    Failure   Level
a - Foxfire               Conj/Fire      100%       2x1d9     1%          1
b - Scorch                Fire           100%       2d9       1%          2
c - Volatile Blastmotes   Fire/Tloc      100%       2d18      1%          3
d - Inner Flame           Hex/Fire       56%        N/A       1%          3
e - Flame Wave            Conj/Fire      56%        2d13      2%          4
f - Necrotise             Necr           100%       1d9       1%          1
g - Passwall              Tmut/Erth      46%        N/A       1%          2
h - Call Imp              Summ           100%       N/A       1%          2
i - Ignite Poison         Fire/Tmut/Pois 56%        N/A       1%          3
Your spell library was empty.

Dungeon Overview and Level Annotations

Branches:
Dungeon (9/15)             Temple (1/1) D:7         Ossuary (visited)
   Lair: D:8-11         Orc: D:9-12

Altars:
Ashenzari
Cheibriados
Dithmenos
Elyvilon
Gozag
Hepliaklqana
Makhleb
Nemelex Xobeh
Okawaru
Qazlal
Ru
Trog
Uskayaw
Wu Jian
Xom
Yredelemnul
Zin
The Shining One

Shops:
D:1 [


Innate Abilities, Weirdness & Mutations

You are immune to sickness and miasma.
You are immune to poison.
Your flesh is very heat resistant. (rF++)
You are vulnerable to cold. (rC-)
You float through the air rather than walking.
You learn spells naturally, not from books.
Your magical power is your life essence.
You have superior vitality. (+4 MHP)


Message History

Casting: Foxfire (safe; 1% risk of failure)
Confirm with . or Enter, or press ? or * to list all spells.
A tiny devil pulls itself out of the air.
The foxfire hits the orc!
You kill the orc!
Unknown command.
Casting: Call Imp (safe; 1% risk of failure)
Confirm with . or Enter, or press ? or * to list all spells.
You conjure some foxfire!
The foxfire hits the orc priest.
The orc priest is heavily wounded.
The orc priest calls down the wrath of Beogh upon you.
Beogh smites you!
* * * LOW HITPOINT WARNING * * *
The foxfire hits the orc priest but does no damage.
The foxfire hits the orc priest.
The orc priest is moderately wounded.
Your cerulean imp closely misses the orc priest.
The orc priest looks braver for a moment.
The orc priest calls down the wrath of Beogh upon you.
Beogh smites you!
* * * LOW HITPOINT WARNING * * *
It was a potion of curing.
You feel better.
Casting: Foxfire (safe; 1% risk of failure)
Confirm with . or Enter, or press ? or * to list all spells.
A cloud of volatile blastmotes flares up around you!
* * * LOW HITPOINT WARNING * * *
The orc priest calls upon Beogh to heal something.
The orc priest invokes the aid of Beogh against you.
Beogh smites you!
* * * LOW HITPOINT WARNING * * *
The orc wizard casts a spell at you. The puff of flame hits you. You resist.
* * * LOW HITPOINT WARNING * * *
Casting: Volatile Blastmotes (safe; 1% risk of failure)
Confirm with . or Enter, or press ? or * to list all spells.
A cloud of volatile blastmotes flares up around you!
* * * LOW HITPOINT WARNING * * *
The orc priest invokes the aid of Beogh against you.
Beogh smites you!
You die...

#################################
...........(.....................
..........######............#####
..........# #............# #
..........# #............# #
..........######@.#######...# #
...............§5...........#####
.................................
###..............................
..........o......................
........Yo#######################
..#.♣.♣.#.# .........5#
..♣.♣.♣.♣.#


You could see an orc priest, an orc wizard and a friendly cerulean imp
(summoned).

Vanquished Creatures
  Prince Ribbit (D:5)
  4 yaks (D:9)
  Menkaure (D:4)
  Edmund (D:4)
  A water moccasin (D:6)
  A black bear (D:6)
  An ogre (D:4)
  A centaur (D:8)
  7 elf zombies
  A kobold brigand (D:8)
  2 bullfrogs
  A gnoll sergeant (D:8)
  5 scorpions
  Dowan (D:4)
  4 killer bees (D:9)
  A howler monkey (D:5)
  4 centaur zombies (Ossuary)
  2 orc priests (D:8)
  A gnoll bouda (D:7)
  2 hounds
  2 jellies
  A sleepcap (D:6)
  2 human zombies (Ossuary)
  Jessica (D:2)
  A human skeleton (D:7)
  4 iguanas
  7 orc wizards
  Robin (D:2)
  3 mummies (Ossuary)
  10 adders
  13 gnolls
  2 shadow imps
  3 white imps
  A worm (D:2)
  2 dart slugs
  31 orcs
  4 bats
  7 endoplasms
  2 giant cockroaches
  11 goblins
  15 hobgoblins
  6 jackals
  15 kobolds
  6 quokkas
  6 ball pythons
  A frilled lizard (D:1)
  2 orc skeletons (D:7)
  2 orc zombies (D:7)
  6 rats
209 creatures vanquished.

Vanquished Creatures (collateral kills)
  Duvessa (D:4)
  An orc (D:4)
2 creatures vanquished.

Vanquished Creatures (others)
  An orc wizard (D:7)
  278 foxfires
279 creatures vanquished.

Grand Total: 490 creatures vanquished

Notes
Turn   | Place    | Note
-------+----------+-------------------------------------------
     0 | D:1      | monsoonserge the Djinni Fire Elementalist began the quest
                  | for the Orb.
     0 | D:1      | monsoonserge set off with the following spells memorised:
                  | Foxfire, Scorch, Volatile Blastmotes, Inner Flame, Flame
                  | Wave.
     0 | D:1      | Reached XP level 1. HP: 15/15 MP: 0/0
    85 | D:1      | Found Ciamepoo's Armour Shop.
   156 | D:1      | Reached XP level 2. HP: 19/21 MP: 0/0
   341 | D:1      | Reached skill level 3 in Spellcasting
   656 | D:2      | Reached XP level 3. HP: 23/25 MP: 0/0
   656 | D:2      | Learned a level 1 spell: Necrotise
   821 | D:2      | Reached skill level 1 in Armour
   821 | D:2      | Reached XP level 4. HP: 24/31 MP: 0/0
   939 | D:2      | Noticed Robin
   946 | D:2      | Killed Robin
   972 | D:2      | Reached XP level 5. HP: 19/35 MP: 0/0
   972 | D:2      | Learned a level 2 spell: Passwall
  1090 | D:2      | Found a faded altar of an unknown god.
  1218 | D:2      | Noticed Jessica
  1220 | D:2      | Killed Jessica
  1437 | D:3      | Reached skill level 4 in Spellcasting
  2286 | D:4      | Reached XP level 6. HP: 40/40 MP: 0/0
  2442 | D:4      | Noticed Edmund
  2458 | D:4      | Killed Edmund
  2543 | D:4      | Noticed an ogre
  2551 | D:4      | Killed an ogre
  2552 | D:4      | Reached skill level 5 in Spellcasting
  2552 | D:4      | Reached XP level 7. HP: 37/45 MP: 0/0
  2552 | D:4      | Learned a level 2 spell: Call Imp
  2639 | D:4      | Noticed Dowan
  2640 | D:4      | Noticed Duvessa
  2640 | D:4      | Noticed Menkaure
  2658 | D:4      | Killed Duvessa
  3013 | D:4      | Killed Dowan
  3014 | D:4      | Reached skill level 6 in Spellcasting
  3512 | D:4      | Killed Menkaure
  3513 | D:4      | Reached XP level 8. HP: 43/50 MP: 0/0
  3637 | D:5      | Entered Level 5 of the Dungeon
  3871 | D:5      | Noticed Prince Ribbit
  3879 | D:5      | Killed Prince Ribbit
  3880 | D:5      | Reached skill level 7 in Spellcasting
  4520 | D:6      | Reached XP level 9. HP: 43/56 MP: 0/0
  4520 | D:6      | Learned a level 3 spell: Ignite Poison
  4582 | D:6      | Reached skill level 8 in Spellcasting
  5449 | D:7      | Found a sand-covered staircase.
  5491 | Ossuary  | Entered an ossuary
  5652 | Ossuary  | Reached skill level 9 in Spellcasting
  6263 | D:7      | Found a staircase to the Ecumenical Temple.
  6309 | Temple   | Entered the Ecumenical Temple
  6525 | Temple   | Became a worshipper of Ru the Awakened
  6980 | D:8      | Reached XP level 10. HP: 60/61 MP: 0/0
  7525 | D:8      | Reached skill level 10 in Spellcasting
  8203 | D:9      | Found a glowing silver altar of Zin.
  8205 | D:9      | Found a glowing golden altar of the Shining One.
  8206 | D:9      | Found a bloodstained altar of Trog.
  8207 | D:9      | Found an opulent altar of Gozag.
  8207 | D:9      | Found a basalt altar of Yredelemnul.
  8347 | D:9      | Found an iron altar of Okawaru.
  8458 | D:9      | Killed from afar by an orc priest

Illustrated notes

Levels and vault maps discovered:
D:1:      dpeg_arrival_orchard, layout_rooms, serial_shops,
          nicolae_shop_temple_entry_statues_fountains
D:2:      layout_rooms, hellmonk_ecumenical_altar_crossroads, minivault_26,
          hangedman_decor_opposing, minivault_4, columned_hall_lemuel,
          minmay_tromino_v7, uniq_jessica, uniq_robin
D:3:      layout_loops_ring, skrybe_limestone_x, grunt_ministairs_5
D:4:      layout_loops_ring, uniq_edmund, uniq_duvessa, uniq_menkaure
D:5:      layout_basic, uniq_prince_ribbit1
D:6:      layout_basic, minmay_misc_feat_doors, sigmund_army
D:7:      layout_loops_corners, minmay_temple_entry_glass,
          nicolae_ossuary_entry_catacombs
D:8:      layout_loops_ring
D:9:      layout_stronghold, grunt_temple_overflow_open, okawaru_trees_1,
          nicolae_straight_to_the_point
Temple:   eino_narrow_crystal_temple

Skill      XL: |  1  2  3  4  5  6  7  8  9 10 |
---------------+-------------------------------+-----
Spellcasting   | 3 4 5 6 7 9 10 | 10.7
Armour         | 1 2 3 4 |  4.4
Stealth        | 2 |  2.0
Dodging        | 3 |  3.0
Fighting       | |  0.5

Action                     |  1- 3 |  4- 6 |  7- 9 | 10-12 || total
---------------------------+-------+-------+-------+-------++-------
  Melee: Short sword       |     5 |     1 |       |       ||     6
         Dagger            |       |     3 |     3 |       ||     6
   Cast: Foxfire           |    44 |    60 |    50 |     9 ||   163
         Scorch            |    13 |    26 |    63 |    12 ||   114
         Volatile Blastmot |       |    10 |    84 |    57 ||   151
         Flame Wave        |       |     1 |     4 |       ||     5
         Necrotise         |       |     1 |     4 |       ||     5
         Call Imp          |       |       |     2 |     1 ||     3
    Use: Potion            |       |       |       |     1 ||     1
   Stab: Sleeping          |       |     1 |       |       ||     1
 Armour: Robe              |     1 |       |       |       ||     1
         Leather armour    |     5 |     7 |    11 |       ||    23
         Ring mail         |       |       |       |     3 ||     3
  Dodge: Dodged            |    11 |    24 |    28 |    10 ||    73
